 Dungeon Crawl Stone Soup version 0.20.0-4-g10b340a (webtiles) character file.

210 IcyS the Shield-Bearer (level 5, -3/36 HPs)
             Began as an Octopode Fighter on May 27, 2017.
             Slain by a gnoll
             ... wielding a +0 spear
              (6 damage)
             ... on level 4 of the Dungeon.
             The game lasted 00:09:33 (3318 turns).

IcyS the Shield-Bearer (Octopode Fighter)           Turns: 3318, Time: 00:09:34

Health: -3/36      AC: -1    Str: 15    XL:     5   Next: 88%
Magic:  14/14      EV: 12    Int: 10    God:
Gold:   160        SH:  9    Dex: 13    Spells: 4/4 levels left

rFire    . . .     SeeInvis .   m - +2 spear (venom)
rCold    . . .     Gourm    .   b - +0 shield
rNeg     . . .     Faith    .   (helmet restricted)
rPois    .         Spirit   .   (no amulet)
rElec    .         Reflect  .   s - -2 ring of protection (curse)
rCorr    .         Harm     .   t - ring of magical power
MR       .....     Rnd*Tele +   v - ring of teleportation (curse)
Stlth    ++........             (no ring)
Regen    0.2/turn               (no ring)
MPRegen  0.2/turn               (no ring)
                                (no ring)
                                (no ring)

@: no status effects
A: almost no armour, stealthy swim, amphibious, 8 rings, constrict 8, camouflage
1, gelatinous body 1
a: no special abilities


You were on level 4 of the Dungeon.
You were not hungry.

You visited 1 branch of the dungeon, and saw 4 of its levels.

You collected 160 gold pieces.

Inventory:

Hand Weapons
 a - a +0 trident
 i - a +0 spear
 m - a +2 spear of venom (weapon)
Missiles
 e - 115 stones
 h - 2 throwing nets (quivered)
 k - 13 sling bullets
Armour
 b - a +0 shield (worn)
Jewellery
 s - a cursed -2 ring of protection (left tentacle)
 t - a ring of magical power (right tentacle)
 v - a cursed ring of teleportation (on tentacle)
Scrolls
 g - 3 scrolls of identify
 n - a scroll of teleportation
 q - 2 scrolls of remove curse {unknown}
Potions
 c - a potion of might
 f - 2 potions of heal wounds
 j - 4 potions of flight
 l - a potion of mutation {unknown}
 o - 3 potions of brilliance
 r - 2 potions of agility
Comestibles
 d - 4 bread rations
 p - 6 chunks of flesh
 u - a meat ration


   Skills:
 + Level 3.6 Fighting
 * Level 3.9 Polearms
 + Level 3.6 Dodging
 * Level 4.4 Shields


You had 4 spell levels left.
You didn't know any spells.

Dungeon Overview and Level Annotations

Branches:
Dungeon (4/15)
 Temple: D:4-7

Altars:
The Shining One

Annotations:
D:3 Glitchraptor's ghost, amateur BaFi
D:4 Edmund


Innate Abilities, Weirdness & Mutations

You cannot wear most types of armour.
You are very stealthy in the water. (Stealth+)
You are amphibious.
You can wear up to eight rings at the same time.
You can use your tentacles to constrict eight enemies at once.
Your skin changes colour to match your surroundings (Stealth+).
Your rubbery body absorbs attacks. (AC +1, EV +1)


Message History

The worker ant waves its antennae.
You climb upwards.
Level annotation: Glitchraptor's ghost, amateur BaFi
There is a stone staircase leading down here.
Some of the chunks of flesh in your inventory have rotted away.
There is a stone staircase leading down here.
You climb downwards.
Level annotation: Edmund 4 gnolls, an ogre and a dart slug come into view.
The gnoll shouts! x4; The ogre shouts!
The gnoll hits you from afar with a spear.
Found a short sword.
There is a stone staircase leading up here.
The ogre hits you with a giant club!!
Ouch! That really hurt!
* * * LOW HITPOINT WARNING * * *
The gnoll hits you from afar with a spear.
* * * LOW HITPOINT WARNING * * *
The gnoll hits you from afar with a spear.
You die...

##########
#..).....#
#...g....#
#.ggg....#
#...@....+
#...O....#
#....w...#
#........#
##########


You could see an ogre, 4 gnolls and a dart slug.

Vanquished Creatures
  2 orc wizards
  A hound (D:4)
  6 adders
  An ooze (D:2)
  2 worms (D:2)
  A dart slug (D:2)
  2 leopard geckos
  7 orcs
  2 giant cockroaches
  4 goblins
  6 hobgoblins
  3 quokkas
  4 bats (D:2)
  6 frilled lizards
  2 kobolds
  8 rats
57 creatures vanquished.

Notes
Turn   | Place    | Note
-------+----------+-------------------------------------------
     0 | D:1      | IcyS the Octopode Fighter began the quest for the Orb.
     0 | D:1      | Reached XP level 1. HP: 16/16 MP: 1/1
   102 | D:1      | Found a glowing golden altar of the Shining One.
   292 | D:1      | Reached XP level 2. HP: 21/21 MP: 2/2
   769 | D:2      | Reached XP level 3. HP: 17/26 MP: 3/3
  1403 | D:2      | Reached XP level 4. HP: 31/31 MP: 4/4
  2257 | D:3      | Reached skill level 4 in Shields
  2257 | D:3      | Reached XP level 5. HP: 18/36 MP: 5/5
  2702 | D:3      | Noticed Glitchraptor's ghost (amateur BaFi)
  3235 | D:4      | Noticed Edmund
  3317 | D:4      | Noticed an ogre
  3318 | D:4      | Slain by a gnoll

Skill      XL: |  1  2  3  4 |
---------------+-------------+-----
Polearms       | 3 |  3.9
Shields        | 4 |  4.4
Fighting       | |  3.6
Dodging        | |  3.6

Action                   |  1- 3 |  4- 6 || total
-------------------------+-------+-------++-------
Melee: Trident           |    56 |       ||    56
       Constrict         |     7 |    10 ||    17
       Tentacles         |     4 |     6 ||    10
       Spear             |    11 |    71 ||    82
  Use: Scroll            |       |     7 ||     7
 Stab: Sleeping          |     8 |     4 ||    12
       Distracted        |       |     1 ||     1
  Eat: Chunk             |     2 |     3 ||     5
       Meat ration       |       |     1 ||     1
Armor: Skin              |     2 |       ||     2
Dodge: Dodged            |    16 |    17 ||    33
Block: Shield            |    13 |    16 ||    29
